 Dungeon Crawl Stone Soup version 0.31-a0-174-g85c54bcb58 (webtiles) character file.

Game seed: 15483801546103974551

1647 dohliylev the Cleaver (level 8, -1/73 HPs)
             Began as a Minotaur Berserker on June 15, 2023.
             Was an Elder of Trog.
             Shot with an arrow by a centaur (3 damage)
             ... on level 5 of the Dungeon.
             The game lasted 00:08:14 (4582 turns).

dohliylev the Cleaver (Minotaur Berserker)          Turns: 4582, Time: 00:08:14

Health: -1/73      AC: 12    Str: 23    XL:     8   Next: 67%
Magic:  7/7        EV:  8    Int:  4    God:    Trog [****..]
Gold:   181        SH:  0    Dex: 11    Spells: 7/7 levels left

rFire   . . .        a - +0 hand axe
rCold   . . .        (no shield)
rNeg    . . .        m - +0 plate armour
rPois   .            (helmet restricted)
rElec   .            (no cloak)
rCorr   .            (no gloves)
SInv    .            (no boots)
Will    ++...        (no amulet) Stlth
                     (no ring)
HPRegen 1.32/turn    (no ring)
MPRegen 0.10/turn

%: no passive effects
@: strong-willed, regenerating
A: horns 2, retaliatory headbutt
a: Renounce Religion, Berserk, Trog's Hand, Brothers in Arms


You were on level 5 of the Dungeon.
You worshipped Trog.
Trog was greatly pleased with you.
You visited 1 branch of the dungeon, and saw 5 of its levels.
You also visited: Sewer.

You collected 181 gold pieces.

Inventory:

Hand Weapons
 a - a +0 hand axe (weapon)
Armour
 m - a +0 plate armour (worn)
 w - a +0 robe of cold resistance
Jewellery
 o - a +6 ring of intelligence
 q - a +6 ring of dexterity
Wands
 k - a wand of flame (24)
 p - a wand of digging (3)
 u - a wand of roots (7)
Scrolls
 b - 3 scrolls of identify {unknown}
 c - 2 scrolls of fog
 d - 3 scrolls of revelation {unknown}
 e - 2 scrolls of immolation {unknown}
 f - a scroll of enchant armour {unknown}
 h - 6 scrolls of teleportation {unknown}
 j - 2 scrolls of brand weapon {unknown}
 t - a scroll of blinking {unknown}
Potions
 g - a potion of attraction {unknown}
 i - a potion of curing {unknown}
 l - 5 potions of enlightenment
 n - a potion of ambrosia {unknown}
 r - a potion of mutation {unknown}
 s - a potion of invisibility {unknown}
 v - 2 potions of magic {unknown}
 x - a potion of resistance {unknown}


   Skills:
 + Level 7.2 Fighting
 + Level 10.1 Axes
 + Level 5.6 Armour
 + Level 4.1 Dodging
 + Level 1.2 Stealth


You had 7 spell levels left.
You didn't know any spells.
Your spell library was empty.

Dungeon Overview and Level Annotations

Branches:
Dungeon (5/15)              Sewer (visited)
 Temple: D:4-7

Altars:
Cheibriados
Makhleb
Sif Muna

Shops:
D:3 *


Innate Abilities, Weirdness & Mutations

You have a pair of horns on your head.
You reflexively headbutt those who attack you in melee.


Message History

Items here: ( )) [[ ††.
You see here a +0 mace.
The centaur shouts!
The centaur wields a +0 shortbow.
The centaur shoots an arrow.
The arrow barely misses you.
The centaur shoots an arrow.
The arrow hits you!
The centaur shoots an arrow.
The arrow hits you!
The centaur shoots an arrow.
The arrow barely misses you.
Okay, then.
Aiming: Throw Flame
Press: ? - help, Shift-Dir - straight line, f - centaur
Aim: a centaur, wielding a +0 shortbow (81% to hit)
The puff of flame hits the centaur.
The centaur is lightly wounded.
The centaur shoots an arrow.
The arrow hits you but does no damage.
The centaur shoots an arrow.
The arrow hits you!
The centaur shoots an arrow.
The arrow barely misses you.
The centaur shoots an arrow.
The arrow hits you!
The centaur shoots an arrow.
The arrow hits you!
The centaur shoots an arrow.
The arrow hits you!
* * * LOW HITPOINT WARNING * * *
The centaur shoots an arrow.
The arrow closely misses you.
You see here 6 gold pieces.
You now have 181 gold pieces (gained 6).
The centaur shoots an arrow.
The arrow hits you but does no damage.
The centaur shoots an arrow.
The arrow hits you!
* * * LOW HITPOINT WARNING * * *
The centaur shoots an arrow.
The arrow hits you.
* * * LOW HITPOINT WARNING * * *
Your skin crawls.
You feel strong-willed.
The centaur shoots an arrow.
The arrow hits you.
* * * LOW HITPOINT WARNING * * *
The centaur shoots an arrow.
The arrow hits you.
* * * LOW HITPOINT WARNING * * *
The centaur shoots an arrow.
The arrow hits you but does no damage.
The centaur shoots an arrow.
The arrow hits you.
* * * LOW HITPOINT WARNING * * *
The centaur shoots an arrow.
The arrow hits you.
You die...

..#..#......# #. .##
#.)....###.# #####.
.#..#..).......# #.....
#...)...#############.###<
.....##.####
#.............. ##### #.#
#.########..... #.# #.#
#####. ####.#######.### ##
##........@...÷.# #
#.........###.#.#
#.........# #.#.#
#...≈≈≈...# #.#.#
#...≈c≈...# #.#.#
##..#.#..## #.#.#
####.#### ....# #.# #####
#P#


You could see a centaur.

Vanquished Creatures
  Pikel (D:4)
  Grinder (D:3)
  A water moccasin (D:4)
  3 black bears
  2 lemures (D:4)
  A phantom (D:5)
  A scorpion (D:5)
  A howler monkey (D:4)
  An orc priest (D:4)
  Ijyb (D:3)
  A hound (D:4)
  A jelly (D:4)
  An iguana (D:4)
  A sleepcap (D:5)
  An orc wizard (D:4)
  8 adders
  3 river rats (Sewer)
  An ufetubus (D:4)
  3 worms
  3 dart slugs
  22 orcs
  11 bats
  14 endoplasms
  9 giant cockroaches
  7 goblins
  5 hobgoblins
  10 quokkas
  13 ball pythons
  8 frilled lizards
  9 kobolds
  5 rats
149 creatures vanquished.

Notes
Turn   | Place    | Note
-------+----------+-------------------------------------------
     0 | D:1      | dohliylev the Minotaur Berserker began the quest for the
                  | Orb.
     0 | D:1      | Reached XP level 1. HP: 19/19 MP: 0/0
     2 | D:1      | Noticed a gargoyle
     4 | D:1      | Noticed a merfolk
     4 | D:1      | Noticed a vampire
     6 | D:1      | Noticed an octopode
     6 | D:1      | Noticed a human
     8 | D:1      | Noticed a meteoran
     8 | D:1      | Noticed a demigod
    10 | D:1      | Noticed a naga
    12 | D:1      | Noticed an armataur
    12 | D:1      | Noticed a tengu
    14 | D:1      | Noticed a draconian
    14 | D:1      | Noticed a demonspawn
    16 | D:1      | Noticed a formicid
    18 | D:1      | Noticed a minotaur
    18 | D:1      | Noticed a troll
    20 | D:1      | Noticed a spriggan
    20 | D:1      | Noticed a vine stalker
    22 | D:1      | Noticed a ghoul
    22 | D:1      | Noticed an ogre
    24 | D:1      | Noticed a gargoyle
    24 | D:1      | Noticed an elf
    26 | D:1      | Noticed a demonspawn
    26 | D:1      | Noticed a troll
   119 | D:1      | Reached skill level 4 in Axes
   119 | D:1      | Reached XP level 2. HP: 25/27 MP: 1/1
   432 | D:1      | Reached XP level 3. HP: 33/33 MP: 2/2
   833 | D:2      | Reached ** piety under Trog
  1041 | D:2      | Reached skill level 5 in Axes
  1041 | D:2      | Reached XP level 4. HP: 38/40 MP: 3/3
  1294 | D:2      | Found a faded altar of an unknown god.
  1498 | D:3      | Found Acki Qori's Assorted Antiques.
  1809 | D:3      | Noticed Grinder
  1809 | D:3      | Paralysed by Grinder for 5 turns
  1817 | D:3      | Paralysed by Grinder for 2 turns
  1821 | D:3      | Killed Grinder
  1822 | D:3      | Reached skill level 6 in Axes
  1822 | D:3      | Reached skill level 1 in Stealth
  1822 | D:3      | Reached XP level 5. HP: 35/47 MP: 4/4
  1822 | D:3      | Reached XP level 6. HP: 41/55 MP: 5/5
  1962 | D:3      | Noticed Ijyb
  1969 | D:3      | Killed Ijyb
  2351 | D:4      | Reached skill level 5 in Fighting
  2351 | D:4      | Reached skill level 7 in Axes
  2387 | D:4      | Found a burning altar of Makhleb.
  2402 | D:4      | Noticed Pikel
  2417 | D:4      | Killed Pikel
  2418 | D:4      | Reached skill level 8 in Axes
  2418 | D:4      | Reached XP level 7. HP: 37/63 MP: 6/6
  2425 | D:4      | Reached skill level 9 in Axes
  2608 | D:4      | Reached *** piety under Trog
  2659 | D:4      | Found a glowing drain.
  2678 | Sewer    | Entered a sewer
  2831 | Sewer    | Reached XP level 8. HP: 70/70 MP: 7/7
  2943 | Sewer    | Reached **** piety under Trog
  3673 | D:4      | Found a shimmering blue altar of Sif Muna.
  3688 | D:4      | Found a snail-covered altar of Cheibriados.
  4011 | D:5      | Entered Level 5 of the Dungeon
  4061 | D:5      | Reached skill level 5 in Armour
  4258 | D:5      | Reached skill level 10 in Axes
  4580 | D:5      | HP: 2/73 [centaur/arrow (3)]
  4582 | D:5      | Shot with an arrow by a centaur

Illustrated notes

Levels and vault maps discovered:
D:1:      kb_arrival_jail, layout_basic, minmay_misc_feat_five
D:2:      layout_rooms, hellmonk_ecumenical_altar_inner_sanctum
D:3:      layout_loops_corners, serial_shops, shop, uniq_grinder, uniq_ijyb
D:4:      layout_gridville, bloody_makhleb, minitemple, gup_sewer_entry_pipe,
          uniq_pikel
D:5:      minmay_chambers_of_fours, layout_basic, minmay_strange_pillars,
          kb_lookout_dungeons_type, hangedman_abyss_or_decor_stagger

Skill      XL: |  1  2  3  4  5  6  7  8 |
---------------+-------------------------+-----
Axes           | 4 5 6 8 9 10 | 10.1
Fighting       | 4 6 7 |  7.2
Dodging        | 3 4 |  4.1
Stealth        | 1 |  1.2
Armour         | 3 5 |  5.6

Action                     |  1- 3 |  4- 6 |  7- 9 || total
---------------------------+-------+-------+-------++-------
  Melee: Hand axe          |    68 |    91 |   205 ||   364
         Headbutt          |     9 |    14 |    27 ||    50
         Punch             |       |     2 |       ||     2
 Invoke: Berserk           |       |     2 |     1 ||     3
         Trog's Hand       |       |       |     2 ||     2
  Evoke: Wand              |       |       |     1 ||     1
    Use: Scroll            |       |     1 |       ||     1
   Stab: Sleeping          |     1 |       |       ||     1
 Armour: Animal skin       |    11 |     7 |       ||    18
         Plate armour      |       |    31 |   132 ||   163
  Dodge: Dodged            |    54 |    25 |    81 ||   160

Table legend: (Time is in decaauts)
 A = Elapsed time spent in this place.
 B = Non-inter-level travel time spent in this place.
 C = Inter-level travel time spent in this place.
 D = Time resting spent in this place.
 E = Time spent auto-exploring this place.
 F = Levels seen in this place.
 G = Mean time per level.
                   A        B        C        D        E       F      G
               +--------+--------+--------+--------+--------+-----+--------+
         Total |   4744 |   4634 |    110 |    597 |   2867 |   6 |  790.7 |
       Dungeon |   4061 |   3951 |    110 |    597 |   2430 |   5 |  812.2 |
         Sewer |    683 |    683 |      0 |      0 |    437 |   1 |  683.0 |
               +--------+--------+--------+--------+--------+-----+--------+

Top non-repeatable levels by time:
     D:4: 1169 daAuts
     D:3: 1009 daAuts
     D:1: 769 daAuts
   Sewer: 683 daAuts
     D:5: 562 daAuts
     D:2: 550 daAuts
